 Dungeon Crawl Stone Soup version 0.30-b1-2-g02819fbbbe (webtiles) character file.

Game seed: 15275116954850748575

3594075 Flugkiller the Bringer of Light (level 27, 193/193 HPs)
             Began as a Gargoyle Fighter on May 14, 2023.
             Was the Champion of the Shining One.
             Escaped with the Orb
             ... and 5 runes!
             The game lasted 01:52:48 (62146 turns).

Flugkiller the Bringer of Light (Gargoyle Fighter) Turns: 62146, Time: 01:52:48

Health: 193/193    AC: 79    Str: 27    XL:     27
Magic:  40/40      EV:  7    Int: 10    God:    the Shining One [******]
Gold:   8292       SH: 27    Dex: 11    Spells: 26/26 levels left

rFire   + + .        N - +9 broad axe (spect)
rCold   + + +        a - +1 tower shield {rC+}
rNeg    + + +        J - +11 gold dragon scales
rPois   ∞            f - +2 helmet "Tegearhye" {+Inv rC++ Will- Regen+}
rElec   +            r - scarf {rC+ rF+}
rCorr   .            C - +2 pair of gloves {hurl}
SInv    +            K - +1 pair of boots "Timeiwn" {rElec rN+ Str+3 SInv}
Will    ++++.        W - amulet of regeneration Stlth
                     P - ring of the Tortoise {AC+8}
HPRegen 2.12/turn    M - ring "Udofoll" {rPois rC+ Will+++ Str-5 Slay+3}
MPRegen 0.27/turn

%: no passive effects
@: flying, glowing, studying 2 skills
A: sickness immunity, AC +20, big wings, negative energy resistance 1,
electricity resistance, torment resistance 1, petrification resistance, talons
1, iridescent scales 1, large bone plates 1, dopey 1, screaming 1, inability to
read after injury 1
0: Orb of Zot
}: 5/15 runes: decaying, slimy, silver, golden, gossamer
a: Renounce Religion, Evoke Invisibility, Divine Shield, Cleansing Flame, Summon
Divine Warrior, Brand Weapon With Holy Wrath


You escaped.
You worshipped the Shining One.
The Shining One was exalted by your worship.
You visited 14 branches of the dungeon, and saw 60 of its levels.
You visited the Abyss 4 times.
You visited 1 ziggurat, and saw 11 of its levels.

You collected 11399 gold pieces.
You spent 3107 gold pieces at shops.

Inventory:

Hand Weapons
 N - a +9 spectral broad axe (weapon)
   (You took it off an orc warrior on level 10 of the Dungeon)
Missiles
 b - 16 javelins (quivered)
 k - 39 boomerangs
 H - 22 curare-tipped darts
 O - 8 throwing nets
Armour
 a - a +1 tower shield of cold resistance (worn)
   (You found it on level 9 of a ziggurat)
 f - the +2 helmet "Tegearhye" (worn) {+Inv rC++ Will- Regen+}
   (You acquired it on level 4 of the Swamp)

   rC:        It greatly protects you from cold.
   +Inv:      It lets you turn invisible.
   Regen:     It increases your rate of health regeneration.
   Will:      It decreases your willpower.
 r - a scarf of resistance (worn)
   (You found it on level 4 of the Spider Nest)
 C - a +2 pair of gloves of hurling (worn)
   (You found it on level 3 of the Elven Halls)
 J - +11 gold dragon scales (worn)
   (You found it on level 3 of the Depths)
 K - the +1 pair of boots "Timeiwn" (worn) {rElec rN+ Str+3 SInv}
   (You found it on level 9 of the Dungeon)

   Str:       It affects your strength (+3).
   rElec:     It insulates you from electricity.
   rN:        It protects you from negative energy.
   SInv:      It lets you see invisible.
Jewellery
 j - a +4 ring of slaying
   (You found it on level 13 of the Dungeon)
 m - the ring "Fyseewn" {rC+ Will+ Int+6}
   (You took it off a deep elf demonologist on level 3 of the Elven Halls)

   [ring of protection from cold]

   Int:       It affects your intelligence (+6).
   rC:        It protects you from cold.
   Will:      It increases your willpower.
 p - the amulet "Fiatug" {Reflect Will++ SH+5}
   (You found it on level 4 of the Depths)

   [amulet of reflection]

   It reflects blocked missile attacks.
   SH:        It affects your SH (+5).
   Will:      It greatly increases your willpower.
 v - a +5 ring of evasion
   (You found it on level 15 of the Dungeon)
 y - the ring of Xom's Amusement {rC+ rN+ rCorr Dex+3}
   (You took it off a deep elf pyromancer on level 3 of the Elven Halls)

   [ring of resist corrosion]

   Dex:       It affects your dexterity (+3).
   rC:        It protects you from cold.
   rN:        It protects you from negative energy.
   rCorr:     It protects you from acid and corrosion.
 M - the ring "Udofoll" (right hand) {rPois rC+ Will+++ Str-5 Slay+3}
   (You bought it in a shop on level 2 of the Orcish Mines)

   [ring of protection from cold]

   Str:       It affects your strength (-5).
   Slay:      It affects your accuracy & damage with ranged weapons and melee
   (+3).
   rC:        It protects you from cold.
   rPois:     It protects you from poison.
   Will:      It greatly increases your willpower.
 P - the ring of the Tortoise (left hand) {AC+8}
   (You found it on level 15 of the Dungeon)

   [ring of protection]

   AC:        It affects your AC (+8).
 W - an amulet of regeneration (around neck)
   (You bought it in a shop on level 2 of the Orcish Mines)
 Y - the ring of Sungul {rF+ rN+}
   (You found it on level 9 of a ziggurat)

   [ring of positive energy]

   rF:        It protects you from fire.
   rN:        It protects you from negative energy.
Wands
 c - a wand of quicksilver (59)
   (You found it on level 3 of the Lair of Beasts)
 x - a wand of iceblast (81)
   (You found it on level 4 of the Dungeon)
 F - a wand of digging (18)
   (You found it on level 7 of the Dungeon)
 L - a wand of paralysis (109)
   (You found it on level 9 of the Dungeon)
 S - a wand of mindburst (61)
   (You found it on level 1 of the Lair of Beasts)
Scrolls
 l - 4 scrolls of fog
 o - 2 scrolls of butterflies
 t - 17 scrolls of teleportation
 z - 7 scrolls of blinking
 D - 3 scrolls of fear
 I - 6 scrolls of silence
 Q - 7 scrolls of immolation
 R - 7 scrolls of poison
 T - 6 scrolls of vulnerability
 Z - 8 scrolls of magic mapping
Potions
 d - 5 potions of might
 e - 12 potions of mutation
 g - 15 potions of ambrosia
 h - 10 potions of haste
 n - 9 potions of resistance
 q - 25 potions of curing
 w - 13 potions of heal wounds
 B - 10 potions of magic
 E - 5 potions of attraction
 U - 5 potions of berserk rage
 V - 9 potions of cancellation
Miscellaneous
 i - a condenser vane
   (You found it on level 14 of the Dungeon)
 s - a lightning rod (4/4)
   (You found it on level 14 of the Dungeon)
 u - a box of beasts
   (You found it on level 5 of the Lair of Beasts)
 A - a phantom mirror
   (You found it on level 14 of the Dungeon)
 G - a figurine of a ziggurat
 X - a phial of floods
   (You found it on level 14 of the Dungeon)


   Skills:
 + Level 25.5 Fighting
 - Level 18.0 Axes
 - Level 20.0 Throwing
 + Level 25.5 Armour
 + Level 24.1 Shields
 O Level 27 Invocations
 - Level 10.0 Evocations


You had 26 spell levels left.
You didn't know any spells.
Your spell library contained the following spells:

 Spells                   Type           Power      Damage    Failure   Level
 Apportation              Tloc           0%         N/A       97%         1
 Foxfire                  Conj/Fire      0%         2x1d4     97%         1
 Freeze                   Ice            0%         1d3       97%         1
 Magic Dart               Conj           0%         1d3       97%         1
 Sandblast                Erth           0%         2d4       97%         1
 Shock                    Conj/Air       0%         1d3       97%         1
 Slow                     Hex            0%         N/A       97%         1
 Sting                    Tmut/Pois      0%         1d3       97%         1
 Summon Small Mammal      Summ           0%         N/A       97%         1
 Blink                    Tloc           0%         N/A       99%         2
 Call Imp                 Summ           0%         N/A       99%         2
 Ensorcelled Hibernation  Hex/Ice        0%         N/A       99%         2
 Lesser Beckoning         Tloc           0%         N/A       99%         2
 Passwall                 Tmut/Erth      0%         N/A       99%         2
 Poisonous Vapours        Pois/Air       0%         N/A       99%         2
 Static Discharge         Conj/Air       0%         2-2/arc   99%         2
 Call Canine Familiar     Summ           0%         N/A       100%        3
 Confusing Touch          Hex            0%         N/A       100%        3
 Dazzling Flash           Conj/Hex       0%         N/A       100%        3
 Frozen Ramparts          Ice            0%         1d1       100%        3
 Gell's Gravitas          Tloc           0%         N/A       100%        3
 Hailstorm                Conj/Ice       0%         3d3       100%        3
 Ignite Poison            Fire/Tmut/Pois 0%         N/A       100%        3
 Mephitic Cloud           Conj/Pois/Air  0%         N/A       100%        3
 Ozocubu's Armour         Ice            0%         N/A       100%        3
 Spider Form              Tmut/Pois      0%         N/A       100%        3
 Stone Arrow              Conj/Erth      0%         3d7       100%        3
 Summon Guardian Golem    Hex/Summ       0%         N/A       100%        3
 Swiftness                Air            0%         N/A       100%        3
 Teleport Other           Tloc           0%         N/A       100%        3
 Vampiric Draining        Necr           0%         2d6       100%        3
 Vhi's Electric Charge    Tloc/Air       0%         N/A       100%        3
 Volatile Blastmotes      Fire/Tloc      0%         2d10      100%        3
 Airstrike                Air            0%         2d(0-16)  100%        4
 Anguish                  Hex/Necr       0%         N/A       100%        4
 Animate Armour           Summ/Erth      0%         N/A       100%        4
 Cause Fear               Hex            0%         N/A       100%        4
 Ice Form                 Ice/Tmut       0%         N/A       100%        4
 Iskenderun's Mystic Bla  Conj/Tloc      0%         2d3       100%        4
 Manifold Assault         Tloc           0%         N/A       100%        4
 Olgreb's Toxic Radiance  Pois           0%         N/A       100%        4
 Petrify                  Tmut/Erth      0%         N/A       100%        4
 Sticky Flame             Conj/Fire      0%         2d3       100%        4
 Summon Ice Beast         Ice/Summ       0%         N/A       100%        4
 Agony                    Necr           0%         N/A       100%        5
 Alistair's Intoxication  Tmut/Pois      0%         N/A       100%        5
 Arcjolt                  Conj/Air       0%         1d10      100%        5
 Blade Hands              Tmut           0%         N/A       100%        5
 Fireball                 Conj/Fire      0%         3d3       100%        5
 Freezing Cloud           Conj/Ice/Air   0%         6-21      100%        5
 Irradiate                Conj/Tmut      0%         3d11      100%        5
 Iskenderun's Battlesphe  Conj           0%         2d6       100%        5
 Metabolic Englaciation   Hex/Ice        0%         N/A       100%        5
 Silence                  Hex/Air        0%         N/A       100%        5
 Summon Mana Viper        Hex/Summ       0%         N/A       100%        5
 Dispersal                Tloc           0%         N/A       100%        6
 Eringya's Noxious Bog    Tmut/Pois      0%         N/A       100%        6
 Iron Shot                Conj/Erth      0%         9d1       100%        6
 Plasma Beam              Fire/Air       0%         2x1d11    100%        6
 Simulacrum               Ice/Necr       0%         N/A       100%        6
 Starburst                Conj/Fire      0%         6d3       100%        6
 Enfeeble                 Hex            0%         N/A       100%        7
 Malign Gateway           Summ/Tloc      0%         N/A       100%        7
 Monstrous Menagerie      Summ           0%         N/A       100%        7
 Ozocubu's Refrigeration  Ice            0%         4d7       100%        7
 Spellforged Servitor     Conj/Summ      0%         N/A       100%        7
 Storm Form               Tmut/Air       0%         N/A       100%        7
 Discord                  Hex            0%         N/A       100%        8
 Disjunction              Tloc           0%         N/A       100%        8
 Ignition                 Fire           0%         3d3       100%        8
 Lehudib's Crystal Spear  Conj/Erth      0%         10d2      100%        8
 Maxwell's Capacitive Co  Air            0%         ∞         100%        8
 Chain Lightning          Conj/Air       0%         N/A       100%        9
 Fire Storm               Conj/Fire      0%         5d1       100%        9
 Shatter                  Erth           0%         3d5*      100%        9
 Statue Form              Tmut/Erth      Unusable   N/A       N/A         6

Dungeon Overview and Level Annotations

Branches:
Dungeon (15/15)            Temple (1/1) D:7            Lair (5/5) D:10
  Swamp (4/4) Lair:2       Spider (4/4) Lair:3        Slime (5/5) Lair:5
    Orc (2/2) D:10            Elf (3/3) Orc:2        Vaults (5/5) D:14
  Crypt (3/3) Vaults:3       Tomb (3/3) Crypt:3      Depths (4/4) D:15
   Hell (visited)             Dis (0/7) Hell            Geh (0/7) Hell
    Coc (0/7) Hell            Tar (0/7) Hell            Zot (5/5) Depths:4

Altars:
Ashenzari
Cheibriados
Dithmenos
Elyvilon
Fedhas
Gozag
Hepliaklqana
Kikubaaqudgha
Makhleb
Nemelex Xobeh
Okawaru
Qazlal
Ru
Sif Muna
Trog
Uskayaw
Vehumet
Wu Jian
Xom
Yredelemnul
Zin
The Shining One

Shops:
D:2 !   D:10 (?   Orc:2 *[(=   Elf:3 ?   Vaults:4 (!*   Depths:1 ?   Depths:3 [

Portals:
Hell: Depths:1 Depths:2 Depths:3 Depths:4
Abyss: Depths:3 Depths:4
Pandemonium: Depths:2 Depths:3

Annotations:
Lair:1 3 runed translucent doors, kthxbai's ghost, journeyman OpEE
Swamp:2 1 runed translucent door, ketsa's ghost, adept VSFi
Swamp:4 exclusion: 3 oklob plants
Spider:1 Roxanne
Depths:1 3 runed translucent doors, EnegeticOcto's ghost, adept MiFi


Innate Abilities, Weirdness & Mutations

You are immune to sickness and miasma.
Your stone body is resilient. (AC +20)
You are immune to poison.
Your large and strong wings let you fly.
You resist negative energy. (rN+)
You are resistant to electric shocks. (rElec)
You are resistant to unholy torment.
You are immune to petrification.
You have sharp toenails.
You are partially covered in iridescent scales. (AC +2)
You are partially covered in large bone plates. (SH +4)
You are dopey. (Int -2)
You occasionally shout uncontrollably at your foes.
You occasionally lose the ability to read scrolls when taking damage.


Message History

Your +9 spectral broad axe hits Seiweof!
Seiweof hits you but does no damage.
You slash Seiweof!
Seiweof is lightly wounded.
Your +9 spectral broad axe hits Seiweof.
You block Seiweof's attack. Seiweof gestures at you.
The bolt of energy misses you.
You slash Seiweof!
Seiweof is moderately wounded.
Your +9 spectral broad axe hits Seiweof!!
Seiweof gestures.
You slash Seiweof!
Seiweof is heavily wounded.
You slash the hell rat!
Your +9 spectral broad axe hits Seiweof!!
Seiweof gestures at your +9 spectral broad axe.
The bolt of energy hits your +9 spectral broad axe!!
Your spectral weapon shares its damage with you!
You slash Seiweof!
Seiweof is almost dead.
You slice the hell rat!!
You kill the hell rat!
The hell rat's corpse disappears in a puff of smoke!
Your +9 spectral broad axe hits Seiweof!!
Seiweof gestures.
Seiweof gestures at you.
The bolt of energy hits you but does no damage.
The bolt of energy hits the hell rat!!
The hell rat is blown up!
The hell rat's corpse disappears in a puff of smoke!
You slice Seiweof!!
You kill Seiweof!
The Shining One accepts your kill.
The Shining One blesses your daeva with more time in this world.
The redback disappears in a puff of smoke! x2
Your +9 spectral broad axe disappears.
You block the rust devil's attack.
You slice the rust devil!!
The rust devil is severely wounded.
Your +9 spectral broad axe hits the rust devil!
You block the rust devil's attack.
You slash the rust devil!
You kill the rust devil!
The Shining One accepts your kill.
Your +9 spectral broad axe disappears.
You block the blizzard demon's attack.
The blizzard demon hits you but does no damage.
You slice the blizzard demon!!
The blizzard demon is heavily wounded.
Your +9 spectral broad axe hits the blizzard demon!
The blizzard demon waves its arms in wide circles.
The air twists around and strikes you.
You swap places.
Your +9 spectral broad axe disappears.
The blizzard demon gestures at you.
The bolt of cold hits you but does no damage.
You resist.
You completely miss the blizzard demon.
The blizzard demon is severely wounded.
Your +9 spectral broad axe hits the blizzard demon!!
You kill the blizzard demon!
The Shining One accepts your kill.
You feel better.
You feel your power returning.
No target in view!
Your +9 spectral broad axe disappears.
(D) Dungeon (T) Temple (L) Lair (S) Swamp (N) Spider Nest (M) Slime Pits (O) Orcish Mines (E) Elven Halls (V) Vaults (C) Crypt (W) Tomb (U) Depths (H) Hell (I) Dis (G) Gehenna (X) Cocytus (Y) Tartarus (Z) Zot
Where to? (Enter - D:1 @ (x,y), ? - help)
Things that are here:
a +0 robe; a +1 whip of freezing
There is an open door here.
There is a stone staircase leading up here.
You fly upwards.
Your summoned ally is left behind.
There is a stone staircase leading down here.
There is a stone staircase leading up here.
Things that are here:
a scroll of noise; a +0 robe; a +0 dagger You fly upwards.
There is a stone staircase leading down here.
Magic restored.
There is a stone staircase leading up here.
You fly upwards.
There is a stone staircase leading down here.
There is a stone staircase leading up here.
You fly upwards.
There is a stone staircase leading down here.
Things that are here:
a +0 robe; a +0 dagger
There is a stone staircase leading up here.
You fly upwards.
There is a stone staircase leading down here.
There is a stone staircase leading up here.
You fly upwards.
There is a stone staircase leading down here.
There is a staircase leading out of the dungeon here.
Enter note: gg You have escaped!

#...........(......# #.###
#..................# #....
#......###.........# ##..#
#.....#...###......# #.##
#....#.......#.....# #.##
#...#.........#....# #.##
#...#.........#....# #.##
###.#..........#...# #.#
######.#......@....#...#
#.#
###......#......#....#...#
#.#
.........#......#....#...#
#.#
.##.####.#.......#..#....#
#.# .##.#
#.#.....#....#....# #.#
.##>#
#.#......#..#.....#####.#
)##.#
#.#.......##............##
.##.#
#.#...............#####...
.##.# #..#..............##
#.##


There were no monsters in sight!

Vanquished Creatures
  3 pandemonium lords
  the Royal Jelly (Slime:5)
  6 dread liches
  6 orbs of fire
  4 ancient liches
  3 juggernauts
  Mennas (Depths:4)
  Sojobo (Vaults:5)
  Boris (thrice) (Vaults:2 Vaults:5 Tomb:1)
  16 royal mummies
  Frederick (Crypt:1)
  4 Killer Klowns (Zot:5)
  3 curse toes
  3 caustic shrikes (Depths:3)
  Xtahua (Vaults:2)
  12 golden dragons
  Geryon (Hell)
  Nikola (Spider:1)
  A bone dragon (Zot:2)
  A Tzitzimitl (D:13)
  2 Brimstone Fiends
  3 electric golems
  10 tentacled monstrosities
  Mlioglotl (Swamp:1)
  10 liches
  23 Orb Guardians
  6 titans
  12 quicksilver dragons
  2 deep elf master archers (Elf:3)
  3 deep elf blademasters
  9 acid blobs
  An Executioner (Tomb:2)
  4 ancient champions
  8 death cobs
  4 tentacled starspawn (Abyss:3)
  3 thorn hunters (Swamp:4)
  8 sphinxes
  14 storm dragons
  8 shadow dragons
  3 nagarajas (Zig:8)
  9 tengu reavers
  Donald (Vaults:2)
  4 draconian monks
  2 demonspawn warmongers (Depths:1)
  10 fire giants
  10 draconian knights
  8 azure jellies
  6 revenants
  6 rockslimes
  Aizul (Depths:2)
  5 deep elf sorcerers
  8 draconian scorchers
  9 frost giants
  Louise (Depths:3)
  17 vault wardens
  3 balrugs
  3 emperor scorpions
  4 iron dragons
  A caustic shrike zombie (Hell)
  4 draconian shifters
  2 cacodemons
  A curse skull (Crypt:3)
  11 ghost moths
  2 spriggan defenders (Depths:2)
  3 deep elf elementalists (Elf:3)
  An orc warlord (Orc:2)
  8 draconian stormcallers
  3 juggernaut skeletons
  5 reapers
  5 quicksilver oozes (Slime:5)
  5 war gargoyles
  24 very ugly things
  15 ironbound preservers
  8 draconian annihilators
  11 ghouls
  5 ironbound thunderhulks
  6 vampire knights
  6 black draconians
  12 stone giants
  A halazid warlock (Hell)
  7 eleionomae
  9 purple draconians
  8 white draconians
  A putrid mouth (Hell)
  5 deep elf demonologists
  7 green draconians
  2 bennus (Tomb:2)
  4 lorocyprocas
  9 yellow draconians
  9 deep elf annihilators
  9 dire elephants
  8 spark wasps
  8 eidola
  6 bunyips
  2 pale draconians (Depths:4)
  19 red draconians
  A blizzard demon (D:7)
  7 deep elf death magi
  A green death (Zig:6)
  10 ettins
  5 fire dragons
  A spectral quicksilver dragon (Crypt:2)
  18 mummy priests
  A merfolk javelineer (Depths:4)
  7 entropy weavers
  11 yaktaur captains
  2 shambling mangroves
  A spectral spriggan (Crypt:3)
  8 great orbs of eyes
  Josephine (Lair:3)
  10 jiangshi
  4 deep elf high priests
  Harold (D:11)
  2 spriggan zombies (Hell)
  A rakshasa (Abyss:3)
  2 hell beasts
  11 hydras
  A salamander tyrant (Zig:1)
  34 vault guards
  A caustic shrike simulacrum (Crypt:2)
  2 ogre magi
  4 spriggan skeletons
  4 radroaches
  3 jorogumos (Spider:4)
  12 ironbound frosthearts
  A spriggan air mage (Depths:1)
  18 two-headed ogres
  A ghost crab (Swamp:3)
  9 ice dragons
  3 catoblepae (Lair:5)
  31 dancing weapons
  5 boulder beetles
  6 alligators
  19 centaur warriors
  3 deep troll shamans
  3 deep troll earth magi
  5 hell hogs
  5 vampire magi
  78 death scarabs
  2 thrashing horrors (Abyss:3)
  13 death yaks
  3 orc high priests
  3 spriggan berserkers
  A spectral naga (Crypt:3)
  A quicksilver ooze zombie (Crypt:1)
  2 naga warriors (Abyss:3)
  A shock serpent (Zig:8)
  A spectral storm dragon (Crypt:3)
  29 hell knights
  19 deep elf knights
  19 iron trolls
  A storm dragon zombie (Hell)
  8 spriggans
  21 sun demons
  13 shadow wraiths
  Amaemon (D:11)
  A skyshark (shapeshifter) (Vaults:5)
  A skyshark (Lair:2)
  11 soul eaters
  4 wretched stars (Abyss:3)
  9 orb spiders
  9 pharaoh ants
  An orb spider (shapeshifter) (Depths:3)
  5 sun moths
  A titan skeleton (Crypt:2)
  7 spriggan druids
  A spatial maelstrom (Abyss:3)
  20 skeletal warriors
  6 glowing orange brains
  15 bog bodies
  2 spectral anacondas (Crypt:3)
  4 goliath frogs (Swamp:2)
  6 swamp dragons
  An obsidian statue (Zig:7)
  33 deep trolls
  3 sixfirhies (Depths:2)
  2 shadow demons (Hell)
  A tengu zombie (Vaults:4)
  4 flayed ghosts
  A naga ritualist (Zig:8)
  2 anaconda zombies (Hell)
  16 deep elf archers
  17 wizards
  33 deep elf zephyrmancers
  6 orc knights
  An anaconda skeleton (Hell)
  7 lindwurms
  3 orange crystal statues
  17 ironbound convokers
  A steelbarb worm (shapeshifter) (D:14)
  An iron giant skeleton (Crypt:2)
  36 phantasmal warriors
  15 necromancers
  Pikel (D:7)
  6 harpies
  2 iron dragon zombies (Crypt:2)
  36 deep elf pyromancers
  A fenstrider witch simulacrum (Crypt:2)
  4 spectral hydras
  43 ugly things
  6 manticores
  7 steelbarb worms
  A shadow dragon skeleton (Crypt:1)
  A stone giant zombie (Crypt:2)
  A wolf spider zombie (Crypt:1)
  A shining eye (Slime:5)
  A mana viper (shapeshifter) (Zig:9)
  8 cyclopes
  A mana viper (Zig:8)
  2 orc sorcerers (Orc:2)
  8 will-o-the-wisps
  A salamander (Depths:2)
  A shining eye (shapeshifter) (Vaults:5)
  13 wolf spiders
  2 naga zombies
  A stone giant skeleton (Crypt:2)
  37 moths of wrath
  A centaur zombie (Hell)
  A guardian serpent (shapeshifter) (Depths:2)
  6 smoke demons
  18 elephants
  7 rust devils
  An alligator snapping turtle zombie (Crypt:2)
  A dire elephant zombie (Crypt:2)
  An apocalypse crab (Abyss:3)
  A guardian serpent (Abyss:3)
  11 demonic crawlers
  2 eyes of devastation (Slime:5)
  A jorogumo skeleton (Crypt:3)
  2 orange demons
  9 black mambas
  5 gargoyles
  18 vault sentinels
  4 molten gargoyles (Hell)
  A naga skeleton (Crypt:2)
  A centaur skeleton (Crypt:2)
  An ice statue (Zig:7)
  9 cane toads
  A naga mage (Abyss:3)
  10 torpor snails
  2 unseen horrors
  A green draconian zombie (Crypt:1)
  An unseen horror (shapeshifter) (Elf:2)
  2 tengu conjurers (D:15)
  A kobold demonologist (D:12)
  2 hellions (Abyss:3)
  A rime drake (Lair:4)
  A tormentor (Abyss:3)
  13 komodo dragons
  An anaconda simulacrum (Tomb:2)
  8 ice devils
  9 freezing wraiths
  2 sea snake zombies (Hell)
  An ancient zyme (Abyss:3)
  2 spectral harpies (Crypt:3)
  17 yaktaurs
  52 guardian mummies
  3 efreet
  A purple draconian skeleton (Crypt:3)
  A black draconian skeleton (Crypt:1)
  A mana viper skeleton (Crypt:1)
  A polar bear (Lair:5)
  A polar bear (shapeshifter) (Elf:3)
  4 hydra zombies
  4 meliai
  3 harpy zombies
  A queen bee (shapeshifter) (Vaults:5)
  12 trolls
  6 large abominations (Abyss:3)
  3 red devils
  23 tarantellas
  A hellwing (Zot:2)
  7 tyrant leeches
  8 raiju (Abyss:3)
  An iron troll skeleton (Crypt:1)
  A harpy skeleton (Tomb:3)
  10 hornets
  A spectral black mamba (Crypt:2)
  3 hydra skeletons
  A fire dragon zombie (Crypt:2)
  7 dream sheep (Lair:3)
  8 small abominations (Abyss:3)
  17 jumping spiders
  22 flying skulls
  An ice dragon skeleton (Tomb:1)
  15 ushabtiu
  A ynoxinul (Abyss:3)
  8 shadows
  A centaur simulacrum (Crypt:2)
  2 fire elementals (Elf:3)
  115 slime creatures
  4 vampires
  18 culicivoras
  A slime creature (shapeshifter) (Vaults:5)
  15 water elementals
  10 wraiths
  5 air elementals
  4 wyverns
  A culicivora (shapeshifter) (Vaults:5)
  A tyrant leech zombie (Crypt:3)
  5 golden eyes
  41 yaks
  6 starcursed masses (Abyss:3)
  4 basilisks
  59 redbacks
  6 steam dragons
  A chaos spawn (Abyss:3)
  2 neqoxecs (Abyss:3)
  15 vampire mosquitoes
  3 wargs (Orc:2)
  Edmund (D:6)
  3 harpy simulacra
  A sea snake simulacrum (Hell)
  2 nagas
  11 swamp worms
  4 acid dragons
  2 floating eyes
  A spatial vortex (Abyss:3)
  Duvessa (D:6)
  9 water moccasins
  A deep troll skeleton (Crypt:1)
  4 hell hounds (Hell)
  A glowing shapeshifter skeleton (Crypt:2)
  4 swamp drakes
  A demonspawn skeleton (Crypt:2)
  33 orc warriors
  An ettin simulacrum (Crypt:2)
  3 ice beasts
  A swamp dragon zombie (Swamp:4)
  A merfolk simulacrum (Hell)
  A black bear (D:4)
  16 ogres
  A boggart (D:14)
  2 black mamba simulacra (Crypt:2)
  A human zombie (Vaults:4)
  5 centaurs
  A manticore zombie (Crypt:1)
  A blink frog skeleton (Crypt:2)
  2 phantoms
  A kobold brigand (D:6)
  An elf zombie (Crypt:3)
  Blork the orc (D:5)
  A draconian zombie (Crypt:2)
  12 bullfrogs
  2 necrophages
  2 earth elementals
  7 scorpions
  A two-headed ogre simulacrum (Hell)
  8 wights
  Dowan (D:6)
  8 killer bees
  A cyclops skeleton (Crypt:2)
  2 troll skeletons (Swamp:2)
  A howler monkey (D:8)
  2 hounds (D:5)
  2 jellies (D:5)
  2 quasits (Abyss:3)
  3 iron imps (D:9)
  14 orc priests
  Jessica (D:2)
  A black bear skeleton (Crypt:1)
  Terence (D:2)
  2 iguanas (D:5)
  26 orc wizards
  A killer bee zombie (Crypt:3)
  2 sky beast zombies (Crypt:3)
  An ogre skeleton (Crypt:2)
  A hound zombie (Crypt:1)
  A boggart simulacrum (D:14)
  A hound skeleton (Crypt:2)
  59 mummies
  Robin (D:2)
  7 gnolls
  9 adders
  2 white imps (D:7)
  5 ufetubi
  2 lava snake skeletons
  An adder skeleton (Crypt:3)
  A worm (D:2)
  2 dart slugs
  65 orcs
  9 endoplasms
  6 giant cockroaches
  18 goblins
  9 hobgoblins
  15 jackals
  12 kobolds
  3 quokkas
  11 ball pythons
  6 bats
  4 frilled lizards
  5 rats
  A rat zombie (Crypt:2)
  A spectral goblin (D:8)
  25 briar patches (Swamp:4)
  A fire vortex (Depths:2)
  4 starspawn tentacles (Abyss:3)
2776 creatures vanquished.

Vanquished Creatures (collateral kills)
  A dread lich (Zig:9)
  2 orbs of fire (Zot:5)
  Mara (Spider:3)
  4 Killer Klowns
  2 pandemonium lords
  2 bone dragons (Zot:2)
  An electric golem (Zot:5)
  An Ice Fiend (D:8)
  7 Orb Guardians (Zot:5)
  A titan (Zot:2)
  4 acid blobs
  An azure jelly (Slime:5)
  A storm dragon (Zot:2)
  An iron dragon (D:15)
  A rockslime (Slime:5)
  A hydra zombie (Swamp:4)
  2 deep elf sorcerers (Elf:3)
  A draconian scorcher (Zot:1)
  A deep elf elementalist (Elf:3)
  An ironbound preserver (Zig:9)
  A draconian annihilator (Zot:2)
  2 quicksilver oozes (Slime:5)
  2 deep elf demonologists (Elf:3)
  A black draconian (Zot:2)
  2 vampire knights (Swamp:4)
  A red draconian (Zot:5)
  A white draconian (Zot:2)
  A deep elf annihilator (Elf:3)
  2 mummy priests (Tomb:1)
  A deep elf high priest (Elf:3)
  A yaktaur captain (Zig:9)
  3 hydras (Swamp:4)
  An alligator (Swamp:4)
  A dancing weapon (Elf:3)
  A naga warrior (Zig:8)
  A spriggan berserker (Depths:1)
  2 deep elf knights (Elf:3)
  A glowing orange brain (Zig:10)
  A spriggan druid (Swamp:4)
  2 swamp dragons (Swamp:4)
  A spectral hydra (Swamp:4)
  A phantasmal warrior (Swamp:4)
  2 orb spiders (Spider:3)
  A naga ritualist (Zig:8)
  3 deep trolls (Depths:1)
  An orc knight (Zig:9)
  A deep elf pyromancer (Elf:3)
  A manticore (shapeshifter) (Zig:9)
  A shining eye (Zig:10)
  3 guardian mummies
  A hornet (Depths:1)
  2 death drake zombies (Swamp:4)
  A death drake skeleton (Swamp:4)
  A hydra skeleton (Swamp:4)
  A culicivora (Spider:3)
  A slime creature (Zig:10)
  An ushabti (Tomb:1)
  A neqoxec (Abyss:3)
  4 redbacks (Spider:3)
  A naga zombie (Tomb:3)
  2 nagas (Abyss:3)
  2 hydra simulacra (Swamp:4)
  A swamp dragon zombie (Swamp:4)
  6 swamp drakes (Swamp:4)
  12 mummies (Tomb:1)
116 creatures vanquished.

Vanquished Creatures (others)
  A Killer Klown (Zot:1)
  A death yak (Lair:5)
  2 death scarabs (Tomb:2)
  An iron troll (Zot:4)
  An ugly thing (D:13)
  A deep elf zephyrmancer (Elf:1)
  2 moths of wrath (Zot:1)
  A rust devil (Hell)
  A molten gargoyle (Hell)
  3 bloated husks
  A tyrant leech (Swamp:4)
  A jumping spider (Spider:1)
  An ushabti (Tomb:3)
  A swamp drake (Swamp:3)
  An ogre (Vaults:5)
  9 briar patches (Swamp:4)
  22 foxfires
  49 fungi
  A lurking horror (Abyss:3)
  70 plants
  179 spectral weapons
  6 starspawn tentacles (Abyss:3)
355 creatures vanquished.

Grand Total: 3247 creatures vanquished

Notes
Turn   | Place    | Note
-------+----------+-------------------------------------------
     0 | D:1      | Flugkiller the Gargoyle Fighter began the quest for the
                  | Orb.
     0 | D:1      | Reached XP level 1. HP: 14/14 MP: 1/1
   169 | D:1      | Reached XP level 2. HP: 19/19 MP: 2/2
   389 | D:1      | Reached XP level 3. HP: 23/23 MP: 3/3
   905 | D:2      | Found Baworchoxtu's Distillery.
   910 | D:2      | Bought a potion of heal wounds for 55 gold pieces
   922 | D:2      | Noticed Robin
   929 | D:2      | Reached XP level 4. HP: 29/29 MP: 4/4
   947 | D:2      | Killed Robin
  1001 | D:2      | Noticed Jessica
  1012 | D:2      | Killed Jessica
  1130 | D:2      | Identified the +1 leather armour of the Guild-Master {Str+6
                  | Int-4 Dex+4 Slay+2}
  1188 | D:2      | Noticed Terence
  1199 | D:2      | Killed Terence
  1200 | D:2      | Reached XP level 5. HP: 17/34 MP: 5/5
  1627 | D:3      | Found a faded altar of an unknown god.
  1664 | D:3      | Reached XP level 6. HP: 34/40 MP: 6/6
  2173 | D:3      | Reached skill level 5 in Fighting
  2381 | D:3      | Reached skill level 5 in Armour
  2502 | D:4      | Noticed a black bear
  2513 | D:4      | Killed a black bear
  2514 | D:4      | Reached XP level 7. HP: 31/44 MP: 7/7
  2921 | D:4      | You fall into a shaft and drop 1 floor!
  2921 | D:5      | Entered Level 5 of the Dungeon
  3218 | D:5      | Noticed Blork the orc
  3437 | D:5      | Killed Blork the orc
  3501 | D:5      | Found an ancient bone altar of Kikubaaqudgha.
  3543 | D:5      | Reached XP level 8. HP: 42/51 MP: 8/8
  3611 | D:5      | Found a glowing golden altar of the Shining One.
  3619 | D:5      | Became a worshipper of the Shining One
  3742 | D:5      | Reached skill level 5 in Shields
  3909 | D:5      | Reached skill level 1 in Invocations
  3976 | D:5      | Found a broken altar of Ashenzari.
  3980 | D:5      | Saw a vision of the Swamp and the Spider Nest.
  3980 | D:5      | Noticed a tarantella
  3980 | D:5      | Noticed a spriggan rider
  3980 | D:5      | Noticed an orb spider
  3980 | D:5      | Noticed a radroach
  3980 | D:5      | Noticed a steelbarb worm
  3980 | D:5      | Noticed a bog body
  3980 | D:5      | Noticed a bog body
  3980 | D:5      | Noticed a demonic crawler
  3981 | D:5      | Noticed a wolf spider
  3981 | D:5      | Noticed a wolf spider
  3981 | D:5      | Noticed a demonic crawler
  3982 | D:5      | Noticed a tarantella
  3982 | D:5      | Noticed an alligator
  3982 | D:5      | Noticed a bog body
  3982 | D:5      | Noticed a thorn hunter
  3982 | D:5      | Noticed a moth of wrath
  3983 | D:5      | Noticed a steelbarb worm
  3984 | D:5      | Noticed a culicivora
  3984 | D:5      | Noticed a will-o-the-wisp
  4554 | D:6      | Found an iron altar of Okawaru.
  4589 | D:6      | Reached skill level 5 in Axes
  4589 | D:6      | Reached skill level 1 in Evocations
  4597 | D:6      | Noticed Dowan
  4597 | D:6      | Reached * piety under the Shining One
  4598 | D:6      | Noticed Duvessa
  4616 | D:6      | Killed Duvessa
  4622 | D:6      | Killed Dowan
  4721 | D:6      | Noticed Edmund
  4804 | D:6      | Reached skill level 2 in Invocations
  4830 | D:6      | Reached XP level 9. HP: 53/57 MP: 10/10
  4875 | D:6      | Found an opulent altar of Gozag.
  4890 | D:6      | Found a sacrificial altar of Ru.
  5048 | D:6      | Killed Edmund
  5136 | D:6      | Found a white marble altar of Elyvilon.
  5169 | D:6      | Found a shimmering altar of Xom.
  5377 | D:6      | Found a shimmering altar of Xom.
  5410 | D:6      | Found a white marble altar of Elyvilon.
  5461 | D:6      | Found an opulent altar of Gozag.
  5465 | D:6      | Found a sacrificial altar of Ru.
  5474 | D:6      | Found an iron altar of Okawaru.
  5855 | D:7      | Noticed Pikel
  5877 | D:7      | Killed Pikel
  5906 | D:7      | Reached skill level 3 in Invocations
  5986 | D:7      | Reached XP level 10. HP: 61/64 MP: 12/12
  6099 | D:7      | Reached ** piety under the Shining One
  6180 | D:7      | Found a staircase to the Ecumenical Temple.
  6190 | Temple   | Entered the Ecumenical Temple
  6328 | D:7      | Found a snail-covered altar of Cheibriados.
  6339 | D:7      | Found a shadowy altar of Dithmenos.
  6775 | D:8      | Found a hazy altar of Hepliaklqana.
  7212 | D:8      | Reached skill level 4 in Invocations
  7602 | D:9      | Noticed a two-headed ogre
  7624 | D:9      | Killed a two-headed ogre
  7917 | D:9      | Found a stormy altar of Qazlal.
  8112 | D:9      | Found a burning altar of Makhleb.
  8257 | D:9      | Identified the +1 pair of boots "Timeiwn" {rElec rN+ Str+3
                  | SInv}
  8589 | D:10     | Entered Level 10 of the Dungeon
  8592 | D:10     | Noticed a two-headed ogre
  8634 | D:10     | Found a staircase to the Lair.
  8829 | D:10     | Reached XP level 11. HP: 69/71 MP: 14/14
  8873 | D:10     | Found Diyw's Magic Scroll Emporium.
  8876 | D:10     | Bought a scroll of brand weapon for 123 gold pieces
  9052 | D:10     | Reached skill level 5 in Invocations
  9130 | D:10     | Found a staircase to the Orcish Mines.
  9142 | D:10     | Killed a two-headed ogre
  9230 | D:10     | Reached skill level 10 in Fighting
  9230 | D:10     | Found a hide-covered altar of Uskayaw.
  9335 | D:10     | Found Zozosay's Antique Weapon Emporium.
  9343 | D:10     | Reached *** piety under the Shining One
  9583 | D:11     | Reached skill level 10 in Armour
  9761 | D:11     | Noticed Harold
  9784 | D:11     | Killed Harold
  9920 | D:11     | Noticed a manticore
  9921 | D:11     | Noticed a two-headed ogre
  9938 | D:10     | Killed a manticore
  9941 | D:10     | Killed a two-headed ogre
 10029 | D:11     | Noticed a two-headed ogre
 10043 | D:11     | Killed a two-headed ogre
 10140 | D:11     | Noticed Amaemon
 10149 | D:11     | Killed Amaemon
 10159 | D:11     | Reached skill level 6 in Invocations
 10220 | D:11     | Reached XP level 12. HP: 79/79 MP: 16/16
 10381 | D:12     | Reached skill level 5 in Evocations
 10398 | D:12     | Noticed a two-headed ogre
 10406 | D:12     | Killed a two-headed ogre
 10564 | D:12     | Noticed a two-headed ogre
 10575 | D:12     | Killed a two-headed ogre
 10853 | D:12     | Noticed a two-headed ogre
 10859 | D:12     | Killed a two-headed ogre
 10931 | D:12     | Reached **** piety under the Shining One
 11368 | Lair:1   | Entered Level 1 of the Lair of Beasts
 12083 | Lair:1   | Found a runed translucent gate.
 12083 | Lair:1   | Found a runed translucent gate.
 12083 | Lair:1   | Found a runed translucent gate.
 12091 | Lair:1   | Reached skill level 7 in Invocations
 12329 | Lair:1   | Noticed kthxbai's ghost (journeyman OpEE)
 12434 | Lair:2   | Found a staircase to the Swamp.
 12632 | Lair:2   | Noticed a skyshark
 12644 | Lair:2   | Killed a skyshark
 12645 | Lair:2   | Reached XP level 13. HP: 56/85 MP: 18/18
 12891 | Lair:2   | Reached skill level 10 in Axes
 12906 | Lair:2   | Identified the +1 ring mail "Qopn" {Contam rElec rF+++
                  | Dex+3}
 13624 | Lair:3   | Identified the +5 chain mail "Ygutuutoi" {Harm rC+++ Will+
                  | Str-4}
 13806 | Lair:3   | Reached ***** piety under the Shining One
 13807 | Lair:3   | Found a hole to the Spider Nest.
 14119 | Lair:3   | Noticed Josephine
 14136 | Lair:3   | Killed Josephine
 14163 | Lair:3   | Reached skill level 8 in Invocations
 15251 | Lair:4   | Gained mutation: Your large and strong wings let you fly.
                  | [Gargoyle growth]
 15251 | Lair:4   | Reached XP level 14. HP: 81/94 MP: 20/20
 15871 | Lair:4   | Reached skill level 10 in Shields
 16091 | Lair:5   | Entered Level 5 of the Lair of Beasts
 16604 | Lair:5   | Found a staircase to the Slime Pits.
 17359 | Lair:5   | Reached skill level 9 in Invocations
 18020 | D:13     | Reached XP level 15. HP: 100/100 MP: 22/22
 18737 | D:13     | Reached skill level 10 in Invocations
 18922 | D:13     | Reached ****** piety under the Shining One
 19694 | D:14     | Found a gate to the Vaults.
 20044 | D:15     | Entered Level 15 of the Dungeon
 20261 | D:15     | Identified the +0 pair of gloves of the Heavens {Str+3
                  | Int+2}
 20754 | D:15     | Reached skill level 11 in Invocations
 20957 | D:15     | Found a staircase to the Depths.
 21389 | D:15     | Noticed an iron dragon
 21713 | D:15     | Found the ring of the Tortoise {AC+8}
 21722 | D:15     | Killed an iron dragon
 21935 | Orc:1    | Entered Level 1 of the Orcish Mines
 21948 | Orc:1    | Gained mutation: Your spells are a little harder to cast,
                  | but a little more powerful. [a neqoxec]
 22202 | Orc:2    | Entered Level 2 of the Orcish Mines
 22202 | Orc:2    | Found a staircase to the Elven Halls.
 22676 | Orc:2    | Reached XP level 16. HP: 100/107 MP: 24/24
 22880 | Orc:2    | Reached skill level 15 in Fighting
 22940 | Orc:2    | Found Yfapsege's General Store.
 22947 | Orc:2    | Found Foppatais's Antique Armour Boutique.
 23272 | Orc:2    | Found Musecsu's Antique Weapon Boutique.
 23287 | Orc:2    | Found Moliaq's Jewellery Boutique.
 23294 | Orc:2    | Bought an amulet of regeneration for 360 gold pieces
 23496 | Spider:1 | Entered Level 1 of the Spider Nest
 23514 | Spider:1 | Reached skill level 15 in Armour
 23610 | Spider:1 | Reached skill level 12 in Invocations
 23645 | Spider:1 | Noticed Nikola
 23752 | Spider:1 | Killed Nikola
 23843 | Spider:1 | Found a runed translucent door.
 23879 | Spider:1 | Identified the +7 whip of Karma {heavy, rC+ Stlth+}
 24092 | Spider:1 | Noticed Roxanne
 24283 | Spider:1 | Identified a scroll of acquirement
 24388 | Spider:1 | Acquired a manual of Evocations
 25431 | Spider:2 | Reached skill level 13 in Invocations
 25676 | Spider:3 | Reached XP level 17. HP: 69/113 MP: 8/26
 25843 | Spider:3 | Noticed Mara
 25850 | Spider:3 | Killed Mara
 26070 | Spider:4 | Entered Level 4 of the Spider Nest
 26354 | Spider:4 | Gained mutation: You do not regenerate when monsters are
                  | visible. [mutagenic glow]
 26433 | Spider:4 | Reached skill level 14 in Invocations
 26959 | Spider:4 | HP: 2/115 [sun moth (27)]
 26976 | Spider:4 | Reached skill level 15 in Axes
 27645 | Swamp:1  | Entered Level 1 of the Swamp
 27647 | Swamp:1  | Noticed Mlioglotl
 27658 | Swamp:1  | Killed Mlioglotl
 28216 | Swamp:2  | Reached XP level 18. HP: 112/120 MP: 29/29
 28244 | Swamp:2  | Found a runed translucent door.
 28244 | Swamp:2  | Found a shimmering altar of Xom.
 28244 | Swamp:2  | Noticed ketsa's ghost (adept VSFi)
 28266 | Swamp:2  | Got the Volume of the Blasted Crevasse
 28414 | Swamp:2  | Reached skill level 15 in Invocations
 29188 | Swamp:4  | Entered Level 4 of the Swamp
 29295 | Swamp:4  | Acquired the +2 helmet "Tegearhye" {+Inv rC++ Will- Regen+}
 29788 | Swamp:4  | Found a basalt altar of Yredelemnul.
 29994 | Swamp:4  | Found a blossoming altar of Fedhas.
 30171 | Elf:1    | Entered Level 1 of the Elven Halls
 30276 | Elf:1    | Reached skill level 16 in Invocations
 30320 | Elf:1    | You are sucked into a shaft and drop 1 floor!
 30320 | Elf:2    | Noticed a deep elf blademaster
 30332 | Elf:2    | Found a runed translucent gate.
 30332 | Elf:2    | Found a runed translucent gate.
 30332 | Elf:2    | Found a runed translucent gate.
 30435 | Elf:1    | Reached XP level 19. HP: 123/127 MP: 31/31
 30559 | Abyss:3  | Cast into level 3 of the Abyss (a deep elf sorcerer)
 30651 | Abyss:3  | Found a corrupted altar of Lugonu.
 30883 | Abyss:3  | Gained mutation: You occasionally lose the ability to drink
                  | potions when taking damage. [a neqoxec]
 30954 | Elf:1    | Escaped the Abyss
 32143 | Elf:2    | Lost mutation: You do not regenerate when monsters are
                  | visible. [potion of mutation]
 32143 | Elf:2    | Lost mutation: You occasionally lose the ability to drink
                  | potions when taking damage. [potion of mutation]
 32143 | Elf:2    | Gained mutation: You occasionally lose the ability to drink
                  | potions when taking damage. [potion of mutation]
 32356 | Elf:2    | Reached skill level 17 in Invocations
 32793 | Elf:3    | Entered Level 3 of the Elven Halls
 32860 | Elf:3    | Found Vasibuav's Magic Scroll Shoppe.
 32875 | Elf:3    | Bought a scroll of enchant armour for 150 gold pieces
 32875 | Elf:3    | Bought a scroll of fear for 80 gold pieces
 33016 | Elf:3    | Paralysed by an air elemental for 1 turns
 33020 | Elf:3    | Paralysed by an air elemental for 1 turns
 33147 | Elf:3    | Reached XP level 20. HP: 127/134 MP: 32/32
 33281 | Elf:3    | Paralysed by an air elemental for 1 turns
 33322 | Abyss:3  | Cast into level 3 of the Abyss (a deep elf sorcerer)
 33412 | Abyss:3  | Reached skill level 15 in Shields
 33418 | Abyss:3  | Found a snail-covered altar of Cheibriados.
 33508 | Abyss:3  | Gained mutation: You are clumsy. (Dex -2) [a neqoxec]
 33529 | Elf:3    | Escaped the Abyss
 33703 | Abyss:3  | Cast into level 3 of the Abyss (a deep elf sorcerer)
 33743 | Elf:3    | Escaped the Abyss
 33874 | Elf:3    | Identified the +0 shadow dragon scales of Generosity {rF+
                  | Str+3 Stlth++++}
 33875 | Elf:3    | Identified the ring "Naukou Quhou" {Will+ Stlth+}
 33939 | Elf:3    | Identified the +11 whip of Ashenzari's Whim {freeze, Will+
                  | Int+2}
 33939 | Elf:3    | Identified the ring "Fyseewn" {rC+ Will+ Int+6}
 33985 | Elf:3    | Reached skill level 18 in Invocations
 34002 | Elf:3    | Got the Tome of the Freezing Voyage
 34125 | Elf:3    | Identified the +2 robe "Teagixt" {Fly rElec Slay-5 Stlth-}
 34125 | Elf:3    | Identified the ring of Xom's Amusement {rC+ rN+ rCorr
                  | Dex+3}
 34129 | Elf:3    | Identified the ring "Restro" {rElec rN++ rCorr Str+6 Int-3}
 34638 | Depths:1 | Entered Level 1 of the Depths
 34638 | Depths:1 | Found Waggeur's Magic Scroll Shop.
 34657 | Depths:1 | Bought a scroll of enchant armour for 150 gold pieces
 34657 | Depths:1 | Bought a scroll of blinking for 150 gold pieces
 34676 | Depths:1 | Found a gateway to Hell.
 34694 | Depths:1 | Reached skill level 1 in Throwing
 34902 | Depths:1 | Identified the +9 halberd of the Building Penguin {pain,
                  | rF- Int+4 Dex-3}
 34928 | Depths:1 | Found a runed translucent gate.
 34928 | Depths:1 | Found a runed translucent gate.
 34928 | Depths:1 | Found a runed translucent gate.
 34929 | Depths:1 | Noticed EnegeticOcto's ghost (adept MiFi)
 35161 | Depths:1 | Found a blossoming altar of Fedhas.
 35287 | Depths:2 | Found a one-way gateway to a ziggurat.
 35376 | Depths:2 | Found a one-way gate leading to the halls of Pandemonium.
 35377 | Depths:2 | Noticed Aizul
 35391 | Depths:2 | Killed Aizul
 35452 | Depths:2 | Reached XP level 21. HP: 44/141 MP: 17/34
 35652 | Depths:2 | Noticed a golden dragon
 35660 | Depths:2 | Killed a golden dragon
 35686 | Depths:2 | Identified the staff of fire "Suaru" {rElec rF+ rCorr}
 35725 | Depths:2 | Identified the +4 dagger "Zoceteq" {flame, rN++ Dex-4}
 36021 | Depths:3 | Found Lymamuga's Armour Boutique.
 36239 | Depths:4 | Entered Level 4 of the Depths
 36343 | Depths:3 | Noticed a caustic shrike
 36343 | Depths:3 | Noticed a caustic shrike
 36349 | Depths:3 | Noticed a caustic shrike
 36352 | Depths:3 | Killed a caustic shrike
 36355 | Depths:3 | Killed a caustic shrike
 36356 | Depths:3 | Killed a caustic shrike
 36357 | Depths:3 | Reached skill level 19 in Invocations
 36363 | Depths:3 | Noticed a golden dragon
 36366 | Depths:3 | Killed a golden dragon
 36574 | Depths:3 | Found a one-way gate to the infinite horrors of the Abyss.
 36576 | Depths:3 | Noticed Louise
 36579 | Abyss:3  | Cast into level 3 of the Abyss (Louise)
 37301 | Depths:3 | Escaped the Abyss
 37310 | Depths:3 | Killed Louise
 37833 | Depths:3 | Reached XP level 22. HP: 148/148 MP: 35/35
 37834 | Depths:3 | Reached XP level 23. HP: 153/153 MP: 36/36
 37920 | Depths:4 | Reached skill level 5 in Throwing
 38229 | Depths:4 | Noticed a golden dragon
 38235 | Depths:4 | Killed a golden dragon
 38288 | Depths:4 | Found a gate to the Realm of Zot.
 38397 | Depths:4 | Reached skill level 10 in Evocations
 38402 | Depths:4 | Noticed Mennas
 38426 | Depths:4 | Killed Mennas
 38427 | Depths:4 | Reached skill level 20 in Invocations
 38427 | Depths:4 | Reached XP level 24. HP: 79/160 MP: 36/37
 38521 | Depths:4 | Identified the amulet "Fiatug" {Reflect Will++ SH+5}
 38534 | Depths:4 | Noticed a juggernaut
 38543 | Depths:4 | Killed a juggernaut
 38684 | Depths:4 | Found a radiant altar of Vehumet.
 38795 | Hell     | Entered the Vestibule of Hell
 38795 | Hell     | Noticed Geryon
 38818 | Hell     | Killed Geryon
 39066 | Hell     | Found a gateway to the freezing wastes of Cocytus.
 39197 | Hell     | Found a gateway to the decaying netherworld of Tartarus.
 39327 | Hell     | Found a gateway to the ashen valley of Gehenna.
 39420 | Hell     | Found a gateway to the Iron City of Dis.
 40070 | Orc:2    | Bought the ring "Udofoll" {rPois rC+ Will+++ Str-5 Slay+3}
                  | for 795 gold pieces
 40319 | Zig:1    | Entered Level 1 of a ziggurat
 40325 | Zig:1    | Reached skill level 21 in Invocations
 40352 | Zig:2    | Entered Level 2 of a ziggurat
 40353 | Zig:2    | Noticed Mawenih the pandemonium lord
 40371 | Zig:2    | Killed Mawenih the pandemonium lord
 40426 | Zig:2    | Got the Incunabulum of Objectivity
 40431 | Zig:3    | Entered Level 3 of a ziggurat
 40459 | Zig:3    | Lost mutation: Your spells are a little harder to cast, but
                  | a little more powerful. [potion of mutation]
 40459 | Zig:3    | Lost mutation: You occasionally lose the ability to drink
                  | potions when taking damage. [potion of mutation]
 40459 | Zig:3    | Gained mutation: You are very clumsy. (Dex -4) [potion of
                  | mutation]
 40459 | Zig:3    | Gained mutation: Your flesh is heat resistant. (rF+)
                  | [potion of mutation]
 40461 | Zig:4    | Entered Level 4 of a ziggurat
 40491 | Zig:5    | Entered Level 5 of a ziggurat
 40531 | Zig:5    | Reached XP level 25. HP: 167/167 MP: 7/37
 40652 | Zig:6    | Entered Level 6 of a ziggurat
 40680 | Zig:7    | Entered Level 7 of a ziggurat
 40682 | Zig:7    | Noticed an ancient lich
 40682 | Zig:7    | Noticed a dread lich
 40688 | Zig:7    | Noticed an ancient lich
 40689 | Zig:7    | Noticed an ancient lich
 40696 | Zig:7    | Killed an ancient lich
 40698 | Zig:7    | Killed an ancient lich
 40727 | Zig:7    | Identified the ring of Satisfaction {rN+ Str+6 Int+3 Dex-4}
 40729 | Zig:7    | Identified the staff of fire "Abbaus" {rF+ rC+}
 40838 | Zig:8    | Entered Level 8 of a ziggurat
 40861 | Zig:8    | Reached XP level 26. HP: 111/173 MP: 33/37
 40870 | Zig:8    | Identified the staff of cold "Kuil" {Fragile rElec rC+
                  | Str+3 Dex+8}
 40918 | Zig:9    | Entered Level 9 of a ziggurat
 40927 | Zig:9    | Noticed a dread lich
 40928 | Zig:9    | Noticed a dread lich
 40938 | Zig:9    | Killed a dread lich
 40938 | Zig:9    | Killed a dread lich
 40959 | Zig:9    | Identified the +11 spear of Tortfeasance {venom, Fly Will+
                  | Dex-4}
 40963 | Zig:9    | Identified the +8 dire flail of Yredelemnul's Delight
                  | {freeze, rF+ rN+ MP+9 Dex+3}
 40969 | Zig:9    | Got Mucw's Tome of Effluvium
 40973 | Zig:9    | Got the Spellbook of Conduction and Calefaction
 40974 | Zig:9    | Identified the ring of Sungul {rF+ rN+}
 40977 | Zig:9    | Got Roxanne's Handbook of Mud and Sculpting
 41085 | Zig:10   | Entered Level 10 of a ziggurat
 41095 | Zig:10   | Gained mutation: Armour fits poorly on your strangely
                  | shaped body. [a shining eye]
 41104 | Zig:10   | Paralysed by a floating eye for 3 turns
 41119 | Zig:10   | Identified the staff of poison "Muwuilecif" {rElec rPois
                  | Int+3}
 41122 | Zig:10   | Identified the staff of poison "Hiosaec" {rPois rF- rN+
                  | Will+ SInv}
 41129 | Zig:10   | Identified the staff of fire "Heroruhu" {rF+ Str+3}
 41134 | Zig:10   | Identified the +2 scimitar of the Purple Skies {freeze,
                  | Int+5 Dex-5}
 41153 | Zig:11   | Entered Level 11 of a ziggurat
 41164 | Zig:11   | Noticed a juggernaut
 41165 | Zig:11   | Noticed a juggernaut
 41171 | Zig:11   | Killed a juggernaut
 41175 | Zig:11   | Killed a juggernaut
 41185 | Zig:11   | Reached skill level 22 in Invocations
 41210 | Zig:11   | Identified the +11 great sword of the Wilderness {freeze,
                  | rC+ rN+ Str+2 Int+2}
 41215 | Zig:11   | Identified the staff of poison "Wogioxik" {rPois Int+5
                  | Dex-3 Stlth+}
 41551 | Orc:2    | Bought a faintly humming hat for 288 gold pieces
 41551 | Orc:2    | Identified the -1 hat "Qubod" {Harm rF- Int+4 Dex+2} (You
                  | bought it in a shop on level 2 of the Orcish Mines)
 41892 | Vaults:1 | Entered Level 1 of the Vaults
 42571 | Vaults:1 | Reached skill level 10 in Throwing
 42987 | Vaults:2 | Noticed Donald
 42987 | Vaults:2 | Noticed Xtahua
 42994 | Vaults:2 | Killed Donald
 42997 | Vaults:2 | Killed Xtahua
 43396 | Vaults:2 | Noticed Boris
 43417 | Vaults:2 | Killed Boris
 43910 | Vaults:3 | Reached XP level 27. HP: 180/180 MP: 38/38
 44071 | Vaults:3 | Found a staircase to the Crypt.
 44071 | Vaults:3 | Found an ancient bone altar of Kikubaaqudgha.
 44072 | Vaults:3 | Found a basalt altar of Yredelemnul.
 44436 | Vaults:3 | Reached skill level 23 in Invocations
 45653 | Vaults:4 | Found Nemari Ehira's Distillery.
 45659 | Vaults:4 | Found Huomidd's Weapon Emporium.
 45660 | Vaults:4 | Bought a potion of heal wounds for 60 gold pieces
 45660 | Vaults:4 | Bought a potion of mutation for 96 gold pieces
 45660 | Vaults:4 | Bought a potion of heal wounds for 60 gold pieces
 45807 | Vaults:4 | Found Ovobiagh's Assorted Antiques.
 45815 | Vaults:4 | Bought 2 potions of resistance for 740 gold pieces
 46282 | Vaults:5 | Entered Level 5 of the Vaults
 46307 | Vaults:5 | Noticed Sojobo
 46350 | Vaults:5 | Noticed a dread lich
 46352 | Vaults:5 | Killed Sojobo
 46365 | Vaults:5 | Killed a dread lich
 46394 | Vaults:5 | Reached skill level 24 in Invocations
 46416 | Vaults:5 | Noticed a dread lich
 46423 | Vaults:5 | Killed a dread lich
 46532 | Vaults:5 | Noticed Boris
 46542 | Vaults:5 | Killed Boris
 46551 | Vaults:5 | Identified the +0 ring mail of Inu Puo {rF+}
 46556 | Vaults:5 | Identified the staff of air "Ryn Rog" {rElec rC+}
 46741 | Vaults:5 | Identified the +7 plate armour of Vanity {rPois Will+}
 46920 | Vaults:5 | Found the +8 whip "Snakebite" {venom, curare, rPois}
 46926 | Vaults:5 | Identified the ring "Patam" {Ice Dex+4 Stlth-}
 46927 | Vaults:5 | Identified the +3 broad axe of the Crafting Owl {flame,
                  | +Blink rF+ Str+4 Dex+2}
 47153 | Vaults:5 | Found the ring of the Mage {Wiz Archmagi}
 47238 | Vaults:5 | Identified the +5 shortbow "Vacy" {freeze, Int+2 Stlth+}
 47399 | Vaults:5 | Identified the staff of cold "Cyoteetsota" {rF+ rC+}
 47424 | Vaults:5 | Identified the +0 chain mail of Yphuerikh {Str+2 Int+3}
 47428 | Vaults:5 | Identified the +1 scale mail of Oblivion {Str+4 Dex-5}
 47569 | Vaults:5 | Identified the +2 war axe "Sahatiur" {flame, Str+2}
 47723 | Crypt:1  | Entered Level 1 of the Crypt
 48145 | Crypt:1  | Noticed Frederick
 48155 | Crypt:1  | Killed Frederick
 49538 | Crypt:3  | Entered Level 3 of the Crypt
 49751 | Crypt:3  | Reached skill level 25 in Invocations
 49784 | Crypt:3  | Found an ancient bone altar of Kikubaaqudgha.
 49851 | Crypt:3  | Got Sif Muna's Folio of Shapes
 49864 | Crypt:3  | Identified the +1 morningstar "Bagharin" {drain, Dex+3
                  | SInv}
 49880 | Crypt:3  | Identified the staff of death "Oliol" {rPois rN+ Dex+4}
 50511 | Crypt:3  | Found a staircase to the Tomb.
 50618 | Tomb:1   | Entered Level 1 of the Tomb of the Ancients
 50810 | Tomb:1   | Noticed Boris
 50820 | Tomb:1   | Killed Boris
 51069 | Tomb:1   | Noticed a royal mummy
 51079 | Tomb:1   | Gained mutation: You occasionally lose the ability to read
                  | scrolls when taking damage. [a neqoxec]
 51091 | Tomb:1   | Killed a royal mummy
 51094 | Tomb:1   | Reached skill level 15 in Throwing
 51102 | Tomb:1   | Noticed a royal mummy
 51116 | Tomb:1   | Killed a royal mummy
 51282 | Tomb:1   | Noticed a royal mummy
 51289 | Tomb:1   | Killed a royal mummy
 51385 | Tomb:1   | Lost mutation: You are very clumsy. (Dex -4) [potion of
                  | mutation]
 51385 | Tomb:1   | Lost mutation: Your flesh is heat resistant. (rF+) [potion
                  | of mutation]
 51385 | Tomb:1   | Lost mutation: Armour fits poorly on your strangely shaped
                  | body. [potion of mutation]
 51385 | Tomb:1   | Lost mutation: You are clumsy. (Dex -2) [potion of
                  | mutation]
 51385 | Tomb:1   | Gained mutation: Your muscles are strong. (Str +4, Int/Dex
                  | -1) [potion of mutation]
 51386 | Tomb:1   | Lost mutation: You occasionally lose the ability to read
                  | scrolls when taking damage. [potion of mutation]
 51386 | Tomb:1   | Lost mutation: Your muscles are strong. (Str +4, Int/Dex
                  | -1) [potion of mutation]
 51386 | Tomb:1   | Gained mutation: You occasionally shout uncontrollably at
                  | your foes. [potion of mutation]
 51511 | Tomb:2   | Noticed a royal mummy
 51515 | Tomb:2   | Noticed a royal mummy
 51515 | Tomb:2   | Noticed a royal mummy
 51515 | Tomb:2   | Noticed a royal mummy
 51518 | Tomb:2   | Noticed a royal mummy
 51544 | Tomb:2   | Killed a royal mummy
 51570 | Tomb:2   | Killed a royal mummy
 51590 | Tomb:2   | Killed a royal mummy
 51609 | Tomb:2   | Killed a royal mummy
 51680 | Tomb:2   | Killed a royal mummy
 52350 | Tomb:3   | Entered Level 3 of the Tomb of the Ancients
 52373 | Tomb:3   | Reached skill level 26 in Invocations
 52389 | Tomb:3   | Noticed a royal mummy
 52393 | Tomb:3   | Noticed a royal mummy
 52398 | Tomb:3   | Noticed a royal mummy
 52409 | Tomb:3   | Killed a royal mummy
 52411 | Tomb:3   | Killed a royal mummy
 52411 | Tomb:3   | Noticed a royal mummy
 52412 | Tomb:3   | Noticed a royal mummy
 52414 | Tomb:3   | Noticed a royal mummy
 52416 | Tomb:3   | Noticed a royal mummy
 52423 | Tomb:3   | Killed a royal mummy
 52423 | Tomb:3   | Killed a royal mummy
 52424 | Tomb:3   | Noticed a royal mummy
 52426 | Tomb:3   | Killed a royal mummy
 52429 | Tomb:3   | Killed a royal mummy
 52444 | Tomb:3   | Killed a royal mummy
 52447 | Tomb:3   | Killed a royal mummy
 52597 | Tomb:3   | Got the Handbook of Flesh and the Congregation
 52742 | Tomb:3   | Identified the ring of Daderr {Int+6 Dex+3}
 52760 | Tomb:3   | Identified the +2 scimitar of Terra Nullius {elec, rCorr
                  | Str+2}
 52785 | Tomb:3   | Identified the +6 longbow of Cruel Justice {antimagic,
                  | *Slow rCorr Str+4}
 52787 | Tomb:3   | Got Fakliurio's Quarto of Burning
 52794 | Tomb:3   | Identified the +1 glaive of Sufficient Optimality {flame,
                  | rC+ rN+ Str-2}
 52812 | Tomb:3   | Got Ruub's Anthology of the Toxic Xenolith
 52927 | Tomb:3   | Got a golden rune of Zot
 53378 | Vaults:5 | Got a silver rune of Zot
 53783 | Swamp:4  | Got a decaying rune of Zot
 54018 | Spider:4 | Got a gossamer rune of Zot
 54594 | Slime:1  | Entered Level 1 of the Pits of Slime
 54755 | Slime:5  | Entered Level 5 of the Pits of Slime
 54805 | Slime:5  | Noticed the Royal Jelly
 54832 | Slime:5  | Killed the Royal Jelly
 54968 | Slime:5  | Identified the ring of Kydank {rPois rF- rC+++ rCorr Dex+6}
 55033 | Slime:5  | Identified the +14 crystal plate armour of Makhleb's
                  | Castigation {rCorr}
 55039 | Slime:5  | Got a slimy rune of Zot
 55616 | Zot:1    | Entered Level 1 of the Realm of Zot
 55766 | Zot:1    | Noticed an orb of fire
 55776 | Zot:1    | Killed an orb of fire
 56012 | Zot:1    | Reached skill level 27 in Invocations
 57359 | Zot:2    | Noticed a dread lich
 57375 | Zot:2    | Killed a dread lich
 57693 | Zot:2    | Identified the -1 cloak of Conscience {rC+ Will+}
 58195 | Zot:3    | Noticed an orb of fire
 58212 | Zot:3    | Killed an orb of fire
 58355 | Zot:3    | You are sucked into a shaft and drop 1 floor!
 60186 | Zot:5    | Entered Level 5 of the Realm of Zot
 60210 | Zot:5    | Noticed an orb of fire
 60218 | Zot:5    | Killed an orb of fire
 60503 | Zot:5    | Gained mutation: Your spells are a little easier to cast,
                  | but a little less powerful. [mutagenic glow]
 60517 | Zot:4    | Gained mutation: You are dopey. (Int -2) [mutagenic glow]
 60700 | Zot:5    | Noticed an orb of fire
 60704 | Zot:5    | Noticed an orb of fire
 60715 | Zot:5    | Killed an orb of fire
 60719 | Zot:5    | Gained mutation: You are occasionally teleported next to
                  | monsters. [an orb of fire]
 60723 | Zot:5    | Killed an orb of fire
 60732 | Zot:5    | Noticed an orb of fire
 60745 | Zot:5    | Killed an orb of fire
 60758 | Zot:5    | Noticed an ancient lich
 60766 | Zot:5    | Noticed an orb of fire
 60772 | Zot:5    | Gained mutation: Armour fits poorly on your strangely
                  | shaped body. [an orb of fire]
 60773 | Zot:5    | Killed an ancient lich
 60778 | Zot:5    | Gained mutation: You are weak. (Str -2) [an orb of fire]
 60783 | Zot:5    | Killed an orb of fire
 60840 | Zot:5    | Noticed an ancient lich
 60847 | Zot:5    | Noticed a dread lich
 60847 | Zot:5    | Noticed an orb of fire
 60848 | Zot:5    | Killed an ancient lich
 60857 | Zot:5    | Killed an orb of fire
 60860 | Zot:5    | Killed a dread lich
 60930 | Zot:5    | Noticed a dread lich
 60937 | Zot:5    | Killed a dread lich
 61162 | Zot:5    | Lost mutation: You are dopey. (Int -2) [potion of mutation]
 61162 | Zot:5    | Lost mutation: You are occasionally teleported next to
                  | monsters. [potion of mutation]
 61162 | Zot:5    | Lost mutation: You are weak. (Str -2) [potion of mutation]
 61162 | Zot:5    | Gained mutation: You are clumsy. (Dex -2) [potion of
                  | mutation]
 61162 | Zot:5    | Gained mutation: You passively map a small area around you.
                  | [potion of mutation]
 61163 | Zot:5    | Lost mutation: Armour fits poorly on your strangely shaped
                  | body. [potion of mutation]
 61163 | Zot:5    | Lost mutation: You are clumsy. (Dex -2) [potion of
                  | mutation]
 61163 | Zot:5    | Lost mutation: Your spells are a little easier to cast, but
                  | a little less powerful. [potion of mutation]
 61163 | Zot:5    | Gained mutation: You have hidden genetic defects. [potion
                  | of mutation]
 61163 | Zot:5    | Gained mutation: You sometimes lose your temper in combat.
                  | [potion of mutation]
 61163 | Zot:5    | Gained mutation: You are robust. (+10% HP) [potion of
                  | mutation]
 61164 | Zot:5    | Lost mutation: You sometimes lose your temper in combat.
                  | [potion of mutation]
 61164 | Zot:5    | Lost mutation: You passively map a small area around you.
                  | [potion of mutation]
 61164 | Zot:5    | Lost mutation: You are robust. (+10% HP) [potion of
                  | mutation]
 61164 | Zot:5    | Gained mutation: You are covered in fur. (AC +1) [potion of
                  | mutation]
 61164 | Zot:5    | Gained mutation: You are partially covered in iridescent
                  | scales. (AC +2) [potion of mutation]
 61164 | Zot:5    | Gained mutation: You are partially covered in large bone
                  | plates. (SH +4) [potion of mutation]
 61165 | Zot:5    | Lost mutation: You have hidden genetic defects. [potion of
                  | mutation]
 61165 | Zot:5    | Lost mutation: You are covered in fur. (AC +1) [potion of
                  | mutation]
 61165 | Zot:5    | Gained mutation: You have sharp toenails. [potion of
                  | mutation]
 61367 | Zot:5    | Got the Orb of Zot
 61462 | Zot:4    | Gained mutation: You are dopey. (Int -2) [a cacodemon]
 61494 | Zot:2    | Noticed Ciubruc the pandemonium lord
 61507 | Zot:2    | Killed Ciubruc the pandemonium lord
 61685 | Depths:3 | Noticed Cimipp the pandemonium lord
 61702 | Depths:3 | Killed Cimipp the pandemonium lord
 61737 | Depths:2 | Gained mutation: You occasionally lose the ability to read
                  | scrolls when taking damage. [a cacodemon]
 61955 | D:9      | Noticed Biup the pandemonium lord
 61980 | D:8      | Killed Biup the pandemonium lord
 62022 | D:7      | Noticed Seiweof the pandemonium lord
 62029 | D:7      | Killed Seiweof the pandemonium lord
 62145 | D:1      | gg
 62146 | D:$      | Escaped with the Orb!

Illustrated notes

#...........(......# #.###
#..................# #....
#......###.........# ##..#
#.....#...###......# #.##
#....#.......#.....# #.##
#...#.........#....# #.##
#...#.........#....# #.##
###.#..........#...# #.#
######.#......@....#...#
#.#
###......#......#....#...#
#.#
.........#......#....#...#
#.#
.##.####.#.......#..#....#
#.# .##.#
#.#.....#....#....# #.#
.##>#
#.#......#..#.....#####.#
)##.#
#.#.......##............##
.##.#
#.#...............#####...
.##.# #..#..............##
#.##


Turn 62145 on D:1: gg

Levels and vault maps discovered:
D:1:      dpeg_arrival_solitude, layout_loops_ring
D:2:      layout_loops_cross, serial_shops, shop, uniq_terence, uniq_robin,
          uniq_jessica
D:3:      layout_basic, nicolae_ecumenical_snake_handling, minmay_unequal
D:4:      layout_loops_ring
D:5:      layout_basic, tso_oasis_becter, mainiacjoe_overflow_small_starburst,
          grunt_ashenzari_visionary [grunt_ashenzari_visionary_swamp,
          grunt_ashenzari_visionary_spider], uniq_blork_the_orc
D:6:      layout_gridville, overflow_temple_1_default,
          mainiacjoe_overflow_catwalk, nicolae_overflow_hidden_temple,
          okawaru_trees_2, xom_teletrap_fun, uniq_duvessa, uniq_edmund
D:7:      layout_basic, lemuel_crystal_altar, general_overflow_altar,
          temple_hall, hangedman_decor_slide_cut, uniq_pikel
D:8:      layout_layer_cave, nicolae_hepliaklqana_monster_ancestors
D:9:      layout_basic, demons_altar, grunt_qazlal_clouds, abandoned_shop
D:10:     cheibrodos_statue_roulette, layout_irregular_city, marbit_many_paths,
          grunt_lair_entry_orc_guard_hut, serial_shops, nicolae_shop_rolled_up,
          minmay_shop_grid_forest
D:11:     layout_gridville, nicolae_concentric_dashed_squares_wild, uniq_harold,
          uniq_amaemon
D:12:     layout_irregular_city
D:13:     layout_cave_pools
D:14:     minmay_the_grid_octo_triangle [minmay_the_grid_octo_horde,
          minmay_the_grid_octo_prize_single_spiral,
          minmay_the_grid_octo_odd_swirl], layout_basic, david_vaults_1
D:15:     grunt_enter_depths_hoard, layout_basic, minmay_misc_feat_cross,
          minmay_guarded_unrand_tortoise
Temple:   hellmonk_temple_two_chambers
Lair:1:   layout_loops_ring, ebering_ghost_rock_garden
Lair:2:   layout_layer_cave, skrybe_swamp_entry_bodies,
          infiniplex_staircase_pool
Lair:3:   layout_regular_city, nicolae_spider_entry_tight_spaces, uniq_josephine
Lair:4:   layout_regular_city, pond
Lair:5:   evilmike_catoblepas_cave, layout_loops_ring, dpeg_slime_entry_enclosed
Swamp:1:  layout_basic_swamp, evilmike_swamp_ruin_rubble_1, swamp_pool2,
          uniq_mlioglotl
Swamp:2:  layout_basic_swamp, ebering_ghost_xom, evilmike_swamp_ruin_wall,
          swamp_pool1, cheibrodos_swamp_minitomb
Swamp:3:  nicolae_swamp_wrong_neighborhood, layout_falls_marsh,
          evilmike_swamp_ruin_house_1, swamp_pool5
Swamp:4:  byrel_swamp_growth_death_and_undeath, layout_basic_swamp
Spider:1: cheibrodos_spider_deadly_dance, uniq_roxanne, uniq_nikola
Spider:2: layout_cave_pods
Spider:3: lemuel_spider_zombies, uniq_mara
Spider:4: grunt_spider_rune_island
Slime:1:  layout_caves
Slime:2:  layout_caves, nicolae_slime_getting_an_eyeful
Slime:3:  nicolae_slime_jelly_donut, layout_caves,
          nicolae_slime_welcoming_committee
Slime:4:  layout_caves
Slime:5
Orc:1:    layout_caves, mines5_lemuel
Orc:2:    grunt_orc_cross, layout_diamond_mine
Elf:1:    layout_loops_cross, hangedman_elf_represent
Elf:2:    elven_hall_of_blades_hangedman_original
          [nicolae_blade_entry_hurt_lockers], layout_loops_cross
Elf:3:    grunt_elf_hall_spiral, layout_gridlike, serial_shops, shop,
          grunt_ministairs_1, drop_trap
Vaults:1: nicolae_vaults_quadrants, v_misc_8, vaults_standard_mumra_x,
          nicolae_vaults_closet_pinwheel_1, nicolae_vaults_specimen_jars,
          nicolae_vaults_heart-shaped_vault, nicolae_vaults_meiosis,
          vaults_dpeg_diagonal, v_misc_30, v_misc_22, layout_vaults_big_cross
Vaults:2: nicolae_vaults_circle_grid_a, hangedman_vaults_corner_blocks,
          v_misc_15, nicolae_vaults_wrenched, nicolae_vaults_little_squares_3,
          vaults_room_pool, vaults_standard_mumra_enter_the_diamond,
          nicolae_vaults_trapezoid_lopsided_4, v_misc_29, vaults_room_fours,
          nicolae_vaults_closet_pinwheel_2, v_misc_17, layout_vaults_big_room,
          uniq_donald, uniq_xtahua, uniq_boris
Vaults:3: v_misc_24, minmay_crypt_entry_necro_gods, v_pattern_5,
          nicolae_vaults_double_plus_1, ontoclasm_vaults_spin,
          nicolae_vaults_shelves_hall, nicolae_vaults_rhombus_6,
          vaults_room_pools, vaults_room_fours, layout_vaults_omnigrid
Vaults:4: v_misc_4, v_rooms_3, v_pattern_3,
          nicolae_vaults_windows_and_doors_thing,
          nicolae_vaults_twisting_passages, nicolae_vaults_network_periphery,
          ontoclasm_vaults_twist, nicolae_vaults_asterisk,
          nicolae_vaults_statue_guard, nicolae_vaults_house_1,
          layout_vaults_ring, serial_shops, nicolae_diamond_shop,
          nicolae_diamond_shop, shop
Vaults:5: uniq_sojobo
Crypt:1:  layout_rooms, serial_co_window_serial, co_window_corner_a,
          co_window_paths_b, co_window_paths_b, co_window_paths_b,
          co_window_paths_a, co_window_paths_a, co_window_paths_a,
          co_window_unsneaky_path_d, co_window_paths_c,
          co_window_of_opportunity_b, co_window_corner_ca, co_window_broadway_b,
          co_window_of_opportunity_b, co_window_corner_ca,
          grunt_crypt_arrival_split, uniq_frederick
Crypt:2:  layout_misc_corridors, grunt_ministairs_9, minivault_5,
          chequers_big_river, nicolae_crypt_knee_deep_in_the_dead
Crypt:3:  church_of_pain_bobbens, layout_chaotic_city,
          nicolae_tomb_entry_unfolded_pyramid_orthogonal
Tomb:1
Tomb:2
Tomb:3
Depths:1: layout_cave_pools, serial_bayou_pond_a, serial_shops, shop,
          hangedman_coc_ice_floe, ebering_ghost_rock_garden,
          fedhas_altar_fruit_tree
Depths:2: minmay_shrinking_squares, layout_cave_pools, enter_ziggurat_e,
          pan_entry, hellmouth_1, infiniplex_staircase_pool_1, uniq_aizul
Depths:3: dreamdust_experimentation, layout_honeycomb,
          nicolae_abyss_entry_one_way_or_another, grunt_decor_mini_mirrors,
          pan_entry, serial_shops, nicolae_shop_competitors_out_of_business,
          hell_entry
Depths:4: evilmike_zot_entry_gauntlet, layout_cave_pools,
          grunt_hell_entry_dis_grunt, nicolae_vehumet_altar_sigil,
          hangedman_abyss_entry_splay, uniq_mennas
Hell
Zot:1:    grunt_deathspiral_small, layout_concentric_octagons
Zot:2:    hangedman_zot_vaults_quadrants, layout_onion_interference
Zot:3:    layout_concentric_octagons
Zot:4:    lemuel_halls_of_wrath, layout_basic
Zot:5:    layout_gridlike

Skill      XL: |  1  2  3  4  5  6  7  8  9 10 11 12 13 14 15 16 17 18 19 20 21 22 23 24 25 26 27 |
---------------+----------------------------------------------------------------------------------+-----
Axes           | 2 3 4 5 6 7 8 9 10 12 13 14 15 16 17 18 | 18.0
Fighting       | 4 5 6 7 8 9 10 11 13 14 15 16 17 18 19 20 25 | 25.5
Armour         | 4 5 6 8 9 10 11 13 14 15 16 17 18 19 20 25 | 25.5
Shields        | 4 5 6 7 8 9 10 11 12 13 14 15 16 17 18 24 | 24.1
Invocations    | 2 3 4 6 7 8 9 11 13 14 16 17 18 19 20 21 22 27 | 27.0
Evocations     | 1 3 4 5 6 7 9 10 | 10.0
Throwing       | 2 4 5 7 8 11 20 | 20.0

Action                     |  1- 3 |  4- 6 |  7- 9 | 10-12 | 13-15 | 16-18 | 19-21 | 22-24 | 25-27 || total
---------------------------+-------+-------+-------+-------+-------+-------+-------+-------+-------++-------
  Melee: War axe           |   141 |   202 |   298 |   150 |       |       |       |       |       ||   791
         Broad axe         |       |       |       |   346 |   879 |   925 |   729 |   300 |  2690 ||  5869
  Throw: Boomerang         |       |       |     1 |     2 |     4 |       |       |       |       ||     7
         Dart              |       |       |       |       |       |     1 |       |       |       ||     1
         Javelin           |       |       |       |       |       |       |       |       |     9 ||     9
         Throwing net      |       |       |       |       |       |       |       |       |     1 ||     1
 Invoke: Cleansing Flame   |       |       |       |       |     5 |     4 |     8 |     2 |    38 ||    57
         Summon Divine War |       |       |       |       |     2 |     4 |    11 |     2 |    27 ||    46
         Divine Shield     |       |       |       |       |       |     1 |       |       |       ||     1
  Evoke: Wand              |       |       |     7 |     6 |    10 |     2 |     4 |       |     4 ||    33
         Condenser vane    |       |       |       |       |       |     2 |     1 |       |     1 ||     4
         Box of beasts     |       |       |       |       |       |     1 |     1 |       |       ||     2
         Phial of floods   |       |       |       |       |       |     1 |       |       |       ||     1
         Phantom mirror    |       |       |       |       |       |     1 |     1 |       |       ||     2
    Use: Scroll            |       |     6 |     9 |     9 |    17 |    15 |    14 |       |    28 ||    98
         Potion            |       |       |     3 |     1 |     1 |     4 |     5 |     3 |    19 ||    36
 Armour: Scale mail        |   126 |    33 |       |       |       |       |       |       |       ||   159
         Chain mail        |       |   142 |   212 |    47 |   241 |       |       |       |       ||   642
         Plate armour      |       |       |       |   353 |   615 |   986 |   353 |       |       ||  2307
         Gold dragon scale |       |       |       |       |       |       |    29 |   231 |  1451 ||  1711
         Skin              |       |       |       |       |       |       |     1 |       |       ||     1
  Dodge: Dodged            |    94 |   110 |   116 |   157 |   312 |   308 |   111 |    47 |   290 ||  1545
  Block: Buckler           |    37 |    47 |    71 |    36 |       |       |       |       |       ||   191
         Kite shield       |       |       |       |   210 |   561 |   575 |   259 |    31 |       ||  1636
         Tower shield      |       |       |       |       |       |       |       |   160 |  1846 ||  2006
         Reflection        |       |       |       |       |       |       |       |       |     1 ||     1
